AoeStats
← Pradera Siberiana

Black Forest

510580235Analyzed
4v4 RM · 2d ago on Oct 1, 2026· 42m 22s· 8 players
Game mode
Random Map
Map size
Large (8 player)
Population
200
Speed
Normal
Resources
Standard
Victory
Conquest
Starting age
Dark Age
Ending age
Imperial Age
RankedLock teamsTeams togetherTeam positionsShared explorationLock speedFull tech treeHidden civsTurbo modeCheats
Victory
Defeat
🇦🇷 Ethiopians · Argentina
903
+14
🇲🇽 Huns · Mexico
853
+16
🇦🇷 Mongols · Argentina
836
+17
🇫🇮 Franks · Finland
818
+18
🇫🇷 Khmer · France
898
-18
🇩🇪 Britons · Germany
881
-17
🇲🇽 Lithuanians · Mexico
876
-17
🇮🇳 Spanish · India
778
-13
hattivatti266
7:46 Loom
12:11 Feudal Age
17:11 Castle Age
17:37 Double-Bit Axe
18:33 Bow Saw
20:07 Wheelbarrow
22:40 Gold Mining
22:25 Pikeman
26:33 Hand Cart
28:39 Gold Shaft Mining
32:35 Imperial Age
31:20 Scale Mail Armor
34:36 Cavalier
36:01 Chain Mail Armor
35:55 Paladin
36:44 Scale Barding Armor
36:50 Forging
36:39 Halberdier
39:04 Chivalry
39:25 Fletching
39:30 Stone Mining
40:41 Chain Barding Armor
41:00 Iron Casting
reyangel141
2:04 Loom
14:09 Feudal Age
16:15 Wheelbarrow
23:08 Castle Age
23:49 Horse Collar
23:56 Double-Bit Axe
25:46 Bow Saw
32:34 Heavy Plow
33:57 Gold Mining
35:05 Hand Cart
35:43 Marauders
35:51 Stone Mining
36:41 Gold Shaft Mining
36:31 Bloodlines
36:38 Husbandry
37:59 Scale Barding Armor
38:23 Town Watch
39:07 Forging
39:19 Caravan
43:49 Imperial Age
41:22 Town Patrol
ADORNI
0:49 Loom
13:16 Feudal Age
17:34 Castle Age
15:29 Fishing Lines
15:42 Double-Bit Axe
15:51 Gold Mining
23:38 Wheelbarrow
24:12 Padded Archer Armor
24:04 Fletching
29:57 Imperial Age
27:48 Bow Saw
27:21 Horse Collar
28:20 Gold Shaft Mining
29:36 Ballistics
29:48 Stone Mining
30:00 Capped Ram
30:13 Heavy Cavalry Archer
31:21 Parthian Tactics
31:15 Gillnets
33:24 Chemistry
32:27 Heavy Plow
35:02 Conscription
35:10 Hand Cart
35:32 Bodkin Arrow
41:40 Leather Archer Armor
41:26 Bracer
41:35 Nomads
Pradera Siberiana
1:20 Loom
13:16 Feudal Age
17:43 Castle Age
16:21 Double-Bit Axe
16:30 Stone Mining
16:53 Gold Mining
24:45 Wheelbarrow
27:18 Hand Cart
27:45 Horse Collar
32:39 Imperial Age
31:06 Scale Mail Armor
31:09 Crossbowman
31:55 Padded Archer Armor
32:53 Arbalester
34:38 Thumb Ring
35:18 Bow Saw
35:26 Fletching
36:19 Ballistics
36:23 Elite Shotel Warrior
38:16 Forging
38:22 Chain Mail Armor
38:24 Leather Archer Armor
38:56 Conscription
39:25 Heavy Plow
40:04 Bodkin Arrow
40:46 Iron Casting
41:11 Halberdier
43:46 Chemistry
Neto
0:52 Loom
13:21 Feudal Age
19:41 Castle Age
19:21 Double-Bit Axe
26:19 Bow Saw
30:51 Sanctity
30:44 Redemption
32:58 Fishing Lines
34:56 Scale Barding Armor
40:48 Imperial Age
38:23 Husbandry
38:33 Bloodlines
40:24 Bloodlines
APC
0:29 Loom
11:41 Feudal Age
12:59 Wheelbarrow
12:29 Double-Bit Axe
18:23 Bloodlines
18:54 Town Watch
24:59 Castle Age
24:43 Stone Mining
24:43 Gold Mining
24:37 Horse Collar
27:21 Hand Cart
27:07 Town Patrol
27:48 Gold Shaft Mining
27:45 Bow Saw
28:29 Heavy Plow
31:58 Stone Shaft Mining
38:42 Imperial Age
38:53 Ballistics
39:27 Double Crossbow
39:57 Siege Engineers
Mistăr
0:28 Loom
15:46 Feudal Age
19:08 Town Watch
20:29 Horse Collar
20:49 Double-Bit Axe
24:23 Fishing Lines
27:21 Castle Age
25:26 Stone Mining
26:45 Gold Mining
26:53 Fletching
28:30 Bow Saw
28:43 Heavy Plow
30:27 Gold Shaft Mining
30:05 Padded Archer Armor
31:13 Arson
32:06 Gillnets
34:10 Wheelbarrow
34:46 Squires
36:07 Pikeman
41:25 Imperial Age
38:36 Man-at-Arms
40:27 Yeomen
40:28 Bodkin Arrow
40:44 Forging
41:26 Scale Mail Armor
41:55 Leather Archer Armor
Bhramos
5:40 Loom
16:28 Feudal Age
17:18 Double-Bit Axe
17:17 Horse Collar
22:34 Scale Barding Armor
25:11 Castle Age
31:14 Bloodlines
31:05 Husbandry
31:02 Gold Mining
31:04 Stone Mining
32:36 Bow Saw
36:35 Imperial Age
36:59 Forging
36:55 Scale Barding Armor
37:17 Ballistics
36:53 Murder Holes
36:38 Cavalier
41:14 Iron Casting
Connection lost

Rejoining the realm…

Still unreachable

The connection could not be restored.

Session expired

The server has moved on; the page needs a fresh start.